 Dungeon Crawl Stone Soup version 0.25.0-1-g7eea58d2a3 (webtiles) character file.

Game seed: 12019879393102105231

33070 Nixze the Zephyrmancer (level 13, -2/88 HPs)
             Began as an Octopode Venom Mage on June 14, 2020.
             Was an Elder of Sif Muna.
             Slain by a five-headed hydra (16 damage)
             ... on level 6 of the Lair of Beasts.
             The game lasted 00:48:13 (21597 turns).

Nixze the Zephyrmancer (Octopode Venom Mage)       Turns: 21597, Time: 00:48:13

Health: -2/88      AC:  1    Str: 14    XL:     13   Next: 68%
Magic:  21/34      EV: 17    Int: 22    God:    Sif Muna [****..]
Gold:   576        SH:  5    Dex: 12    Spells: 8/29 levels left

rFire    . . .     SeeInvis .   S - +4 scimitar (flame)
rCold    . . .     Gourm    .   A - +0 buckler
rNeg     + . .     Faith    .   (helmet restricted)
rPois    .         Spirit   .   (no amulet)
rElec    .         Reflect  .   l - ring of resist corrosion
rCorr    +         Harm     .   B - ring of positive energy
MR       .....                  F - ring of magical power
Stlth    ++++......             T - +6 ring of strength
HPRegen  0.24/turn              (no ring)
MPRegen  0.24/turn              (no ring)
                                (no ring)
                                (no ring)

@: no status effects
A: almost no armour, stealthy swim, amphibious, 8 rings, constrict 8, camouflage
1, gelatinous body 1
a: Channel Magic, Forget Spell, Divine Exegesis, Renounce Religion


You were on level 6 of the Lair of Beasts.
You worshipped Sif Muna.
Sif Muna was greatly pleased with you.
You were hungry.

You visited 3 branches of the dungeon, and saw 17 of its levels.

You collected 910 gold pieces.
You spent 334 gold pieces at shops.

Inventory:

Hand Weapons
 a - a +3 dagger of speed
 q - a +1 dagger of freezing
 S - a +4 scimitar of flaming (weapon)
Missiles
 j - 18 poisoned darts (quivered)
Armour
 A - a +0 buckler (worn)
Magical Staves
 b - an uncursed staff of conjuration
 u - an uncursed staff of air
Jewellery
 l - a ring of resist corrosion (left tentacle)
 B - a ring of positive energy (right tentacle)
 F - a ring of magical power (on tentacle)
 J - an uncursed ring of fire
 M - an uncursed ring of ice
 T - a +6 ring of strength (on tentacle)
Wands
 p - a wand of clouds (3)
 r - a wand of random effects (71)
 s - a wand of polymorph (19)
 t - a wand of flame (41)
 w - a wand of digging (1)
 x - a wand of acid (2)
 D - a wand of paralysis (8)
 N - a wand of iceblast (18)
 O - a wand of disintegration (6)
 Q - a wand of enslavement (6)
Scrolls
 d - 5 scrolls of teleportation
 f - a scroll of amnesia
 g - 7 scrolls of remove curse
 h - a scroll of fear
 k - a scroll of enchant weapon {unknown}
 n - 2 scrolls of enchant armour
 o - 4 scrolls of identify
 C - 4 scrolls of immolation
 E - 2 scrolls of magic mapping
 I - 2 scrolls of fog
 K - 2 scrolls of holy word
Potions
 c - 5 potions of brilliance
 e - 2 potions of heal wounds
 i - 2 potions of flight
 m - 6 potions of curing
 v - 3 potions of resistance
 y - 4 potions of might
 z - a potion of stabbing
 G - a potion of mutation
 H - 3 potions of ambrosia
 P - a potion of lignification
 R - 2 potions of magic {unknown}
Comestibles
 L - 38 rations


   Skills:
 + Level 8.0 Fighting
 + Level 8.4 Dodging
 - Level 5.0 Stealth
 - Level 4.0 Shields
 + Level 8.8 Spellcasting
 + Level 5.9 Conjurations
 - Level 4.0 Transmutations
 * Level 8.3 Ice Magic
 * Level 9.3 Air Magic
 - Level 9.0 Poison Magic
 + Level 7.6 Invocations


You had 8 spell levels left.
You knew the following spells:

 Your Spells              Type           Power        Failure   Level  Hunger
a - Sting                 Tmut/Pois      ####         1%          1    None
b - Poisonous Vapours     Pois/Air       ######       1%          2    None
c - Olgreb's Toxic Radia  Pois           #####...     1%          4    ##.....
d - Ignite Poison         Fire/Tmut/Pois ####....     3%          3    None
e - Mephitic Cloud        Conj/Pois/Air  #####...     1%          3    None
f - Passwall              Tmut/Erth      ###.....     4%          2    None
g - Freezing Cloud        Conj/Ice/Air   #####.....   38%         6    ######.

Your spell library contained the following spells:

 Spells                   Type           Power        Failure   Level  Hunger
 Conjure Flame            Conj/Fire      ###.....     6%          3    None
 Stone Arrow              Conj/Erth      ###...       6%          3    None
 Sandblast                Erth           #.....       7%          1    None
 Irradiate                Conj/Tmut      ####......   26%         5    #####..
 Petrify                  Tmut/Erth      ###.....     30%         4    ##.....
 Lee's Rapid Deconstruct  Erth           #.........   88%         5    #####..
 Hydra Form               Tmut           ####......   90%         6    ######.
 Statue Form              Tmut/Erth      ###......    99%         6    ######.
 Dragon Form              Tmut           ####......   100%        7    #######
 Ring of Flames           Chrm/Fire      #.........   100%        7    #######


Dungeon Overview and Level Annotations

Branches:
Dungeon (10/15)            Temple (1/1) D:7            Lair (6/6) D:9
  Swamp (0/4) Lair:4       Spider (0/4) Lair:2        Slime (0/5) Lair:5
    Orc: D:9-12

Altars:
Ashenzari
Cheibriados
Dithmenos
Elyvilon
Fedhas
Gozag
Hepliaklqana
Kikubaaqudgha
Makhleb
Nemelex Xobeh
Okawaru
Qazlal
Ru
Sif Muna
Trog
Uskayaw
Vehumet
Wu Jian
Xom
Yredelemnul
Zin
The Shining One

Shops:
D:5 ?   D:10 ?

Annotations:
D:5 3 runed translucent doors, nojaa's ghost, amateur VSWz


Innate Abilities, Weirdness & Mutations

You cannot wear most types of armour.
You are very stealthy in the water. (Stealth+)
You are amphibious.
You can wear up to eight rings at the same time.
You can use your tentacles to constrict eight enemies at once.
Your skin changes colour to match your surroundings (Stealth+).
Your rubbery body absorbs attacks. (AC +1, EV +1)


Message History

The flame cauterises the wound!
You hit the six-headed hydra. You burn the six-headed hydra.
You squeeze the six-headed hydra.
The six-headed hydra is moderately wounded.
The plant is engulfed in blazing flames.
The six-headed hydra is engulfed in blazing flames.
The six-headed hydra bites you. The six-headed hydra bites you!
The six-headed hydra bites you.
The six-headed hydra bites you but does no damage.
The six-headed hydra bites you! x2
You hack one of the six-headed hydra's heads off!
The flame cauterises the wound!
You slash the five-headed hydra! You burn the five-headed hydra.
Your squeeze misses the five-headed hydra.
The five-headed hydra is severely wounded.
The plant is engulfed in blazing flames.
The five-headed hydra is engulfed in blazing flames.
The five-headed hydra bites you. The five-headed hydra bites you! x2
* * * LOW HITPOINT WARNING * * *
The five-headed hydra bites you!
You die...

..# .....###
PP#.##......###
PPP.#..........
.P.............
...............
...○°○.°.....
...°.°°°.P#
..P..PD@..#
..####....####.
#..<.....%.
#!#...##....
###....# ...
#...#.. ##
......##
#.....#.
##.......


You could see a five-headed hydra.

Vanquished Creatures
  4 hydras
  Erica (Lair:2)
  2 two-headed ogres (D:8)
  An unseen horror (D:10)
  4 oklob plants (Lair:3)
  4 black mambas
  19 elephants
  6 spiny frogs
  3 rime drakes
  5 komodo dragons
  A troll (D:10)
  2 hornets
  6 blink frogs
  6 hippogriffs
  A spriggan (D:8)
  2 redbacks (Lair:2)
  29 yaks
  2 wyverns
  2 basilisks
  A hungry ghost (D:9)
  5 vampire mosquitoes (Lair:4)
  6 water moccasins
  6 porcupines
  2 sky beasts
  2 necrophages
  3 ice beasts
  2 phantoms
  2 black bears
  An eye of draining (D:10)
  2 ogres (D:8)
  A centaur (D:5)
  9 wolves (Lair:2)
  11 crocodiles
  A big kobold (D:8)
  11 bullfrogs
  4 scorpions
  3 killer bees (D:8)
  A howler monkey (D:7)
  A crimson imp (D:7)
  A quasit (D:10)
  5 jellies
  5 hounds
  A centaur skeleton (D:5)
  An orc priest (D:5)
  7 orc wizards
  A gnoll shaman (D:10)
  7 iguanas
  Ijyb (D:5)
  Natasha (thrice) (D:3)
  4 worker ants
  A hound zombie (D:10)
  2 worker ant zombies
  13 adders
  23 gnolls
  A shadow imp (D:5)
  An adder skeleton (D:6)
  An adder zombie (D:7)
  4 worms
  2 dart slugs
  6 leopard geckos
  21 orcs
  4 giant cockroaches
  9 hobgoblins
  3 jackals (D:1)
  A quokka (D:5)
  A ball python (D:8)
  9 bats
  A frilled lizard (D:3)
  A goblin (D:1)
  12 kobolds
  9 rats
  2 fungi
  6 plants (Lair:3)
343 creatures vanquished.

Vanquished Creatures (others)
  7 fungi
  2 plants
  A withered plant (D:5)
10 creatures vanquished.

Grand Total: 353 creatures vanquished

Notes
Turn   | Place    | Note
-------+----------+-------------------------------------------
     0 | D:1      | Nixze the Octopode Venom Mage began the quest for the Orb.
     0 | D:1      | Reached XP level 1. HP: 11/11 MP: 3/3
   399 | D:1      | Reached XP level 2. HP: 17/17 MP: 3/5
   804 | D:1      | Learned a level 2 spell: Poisonous Vapours
  1015 | D:2      | Reached skill level 5 in Poison Magic
  1015 | D:2      | Reached XP level 3. HP: 15/21 MP: 1/6
  1854 | D:2      | Reached XP level 4. HP: 27/27 MP: 0/7
  2587 | D:3      | Reached XP level 5. HP: 25/32 MP: 3/8
  2762 | D:3      | Reached skill level 1 in Fighting
  3338 | D:3      | Reached XP level 6. HP: 38/38 MP: 1/9
  3535 | D:3      | Noticed Natasha
  3548 | D:3      | Killed Natasha
  3559 | D:3      | Noticed Natasha
  3582 | D:3      | Killed Natasha
  3648 | D:3      | Noticed Natasha
  3662 | D:3      | Killed Natasha
  4152 | D:3      | Learned a level 4 spell: Olgreb's Toxic Radiance
  4156 | D:3      | Learned a level 3 spell: Ignite Poison
  5133 | D:4      | Reached XP level 7. HP: 40/45 MP: 6/11
  5433 | D:5      | Entered Level 5 of the Dungeon
  5576 | D:5      | Found Fatsyras's Magic Scroll Emporium.
  5718 | D:5      | Bought a scroll of identify for 20 gold pieces
  5718 | D:5      | Bought a scroll of blinking for 75 gold pieces
  5718 | D:5      | Bought a scroll of identify for 20 gold pieces
  5718 | D:5      | Bought a scroll of identify for 20 gold pieces
  5718 | D:5      | Bought a scroll of identify for 20 gold pieces
  5718 | D:5      | Bought a scroll of teleportation for 30 gold pieces
  5937 | D:5      | Noticed Ijyb
  5945 | D:5      | Killed Ijyb
  6124 | D:5      | HP: 2/45 [orc wizard/magic dart (9)]
  6547 | D:5      | Found a runed translucent gate.
  6586 | D:5      | Found a runed translucent gate.
  6586 | D:5      | Found a runed translucent gate.
  6599 | D:5      | Noticed nojaa's ghost (amateur VSWz)
  6599 | D:5      | Noticed nojaa's ghost (amateur VSWz)
  6822 | D:6      | Reached skill level 5 in Stealth
  6935 | D:6      | Reached XP level 8. HP: 46/51 MP: 4/13
  6967 | D:6      | Learned a level 3 spell: Mephitic Cloud
  7532 | D:7      | Noticed a hornet
  7634 | D:6      | Killed a hornet
  7930 | D:7      | Reached skill level 1 in Air Magic
  8080 | D:7      | Found a staircase to the Ecumenical Temple.
  8482 | D:7      | Found a sacrificial altar of Ru.
  8504 | Temple   | Entered the Ecumenical Temple
  8572 | Temple   | Became a worshipper of Sif Muna the Loreminder
  8998 | D:7      | Reached XP level 9. HP: 57/57 MP: 9/16
  9165 | D:7      | Learned a level 2 spell: Passwall
  9189 | D:8      | Noticed a two-headed ogre
  9199 | D:7      | Reached skill level 5 in Spellcasting
  9199 | D:7      | Reached skill level 1 in Invocations
  9560 | D:8      | Reached skill level 1 in Shields
  9744 | D:8      | Killed a two-headed ogre
  9744 | D:8      | Reached skill level 5 in Dodging
  9945 | D:8      | Found a shadowy altar of Dithmenos.
  9980 | D:8      | Noticed a two-headed ogre
  9986 | D:8      | Killed a two-headed ogre
  9986 | D:8      | Reached XP level 10. HP: 65/65 MP: 3/19
 10170 | D:8      | Reached * piety under Sif Muna
 10836 | D:8      | Reached skill level 5 in Fighting
 11326 | D:9      | Found a staircase to the Lair.
 11753 | D:10     | Entered Level 10 of the Dungeon
 11753 | D:10     | Found Citwon's Magic Scroll Emporium.
 11985 | D:10     | Bought a scroll of holy word for 97 gold pieces
 11985 | D:10     | Bought a scroll of noise for 13 gold pieces
 11985 | D:10     | Bought a scroll of random uselessness for 13 gold pieces
 11985 | D:10     | Bought a scroll of fog for 26 gold pieces
 12066 | D:10     | Reached skill level 1 in Conjurations
 12161 | D:10     | Learned a level 6 spell: Freezing Cloud
 12222 | D:10     | Killed an unseen horror
 12222 | D:10     | Reached skill level 1 in Ice Magic
 12739 | D:10     | Found a basalt altar of Yredelemnul.
 12935 | Lair:1   | Entered Level 1 of the Lair of Beasts
 12939 | Lair:1   | Reached XP level 11. HP: 71/71 MP: 20/21
 13021 | Lair:1   | Reached ** piety under Sif Muna
 13242 | Lair:1   | Reached skill level 5 in Air Magic
 13343 | Lair:1   | Reached skill level 5 in Invocations
 14038 | Lair:1   | Noticed a seven-headed hydra
 14045 | Lair:1   | Killed a seven-headed hydra
 14373 | Lair:2   | Paralysed by a hornet for 3 turns
 14732 | Lair:2   | Found a hole to the Spider Nest.
 14996 | Lair:2   | Reached skill level 5 in Ice Magic
 15003 | Lair:2   | Reached XP level 12. HP: 79/79 MP: 13/23
 15164 | Lair:2   | Reached *** piety under Sif Muna
 15543 | Lair:2   | Noticed Erica
 15902 | Lair:2   | Killed Erica
 16345 | Lair:3   | Noticed a seven-headed hydra
 16352 | Lair:3   | Killed a six-headed hydra
 18910 | Lair:4   | Reached skill level 5 in Conjurations
 18988 | Lair:4   | Found a shadowy altar of Dithmenos.
 19048 | Lair:4   | Reached XP level 13. HP: 86/86 MP: 23/25
 19056 | Lair:4   | Reached **** piety under Sif Muna
 19862 | Lair:4   | Found a staircase to the Swamp.
 20955 | Lair:5   | Found a staircase to the Slime Pits.
 21574 | Lair:6   | Entered Level 6 of the Lair of Beasts
 21597 | Lair:6   | Slain by a five-headed hydra

Illustrated notes

Levels and vault maps discovered:
D:1:      saegor_arrival_simple_c, layout_basic, minmay_misc_feat_plants
D:2:      layout_basic, first_ration
D:3:      layout_basic, uniq_natasha
D:4:      layout_loops_ring
D:5:      layout_cave_pools, gammafunk_ghost_cemetery, serial_shops, shop,
          uniq_ijyb
D:6:      layout_layer_cave, hangedman_decor_growths
D:7:      layout_cave_pools, lemuel_doored_altar, minmay_temple_entry_tees
D:8:      layout_basic, basic_altar, the_bakery
D:9:      layout_cave_pools, dpeg_oklobed_lair
D:10:     layout_rooms, serial_shops, shop, basic_altar
Temple:   dpeg_three_leaves_temple
Lair:1:   layout_roguey, infiniplex_staircase_pool_2, lemuel_fruit_fields,
          grunt_megastairs_5
Lair:2:   beast_lair_carwin_large_3, layout_loops_ring, spider_nest_entry_webs,
          st_stairs_6, grunt_megastairs_2, uniq_erica
Lair:3:   minmay_lair_oklob_tunnel, layout_regular_city
Lair:4:   layout_cave_pods, minmay_swamp_entry_swarm, basic_altar
Lair:5:   layout_misc_corridors, nicolae_slime_entry_slimehenge
Lair:6:   evilmike_catoblepas_cave, layout_regular_city,
          ebering_ghost_inner_flame

Skill      XL: |  1  2  3  4  5  6  7  8  9 10 11 12 13 |
---------------+----------------------------------------+-----
Poison Magic   | 4 5 6 7 9 |  9.0
Stealth        | 3 4 5 |  5.0
Fighting       | 1 2 3 4 5 6 7 8 |  8.0
Spellcasting   | 3 4 6 7 8 |  8.8
Dodging        | 3 4 5 6 7 8 |  8.4
Air Magic      | 1 3 4 6 8 9 |  9.3
Transmutations | 2 3 4 |  4.0
Invocations    | 3 4 5 6 7 |  7.6
Shields        | 2 4 |  4.0
Conjurations   | 2 3 5 |  5.9
Ice Magic      | 2 5 7 8 |  8.3

Action                   |  1- 3 |  4- 6 |  7- 9 | 10-12 | 13-15 || total
-------------------------+-------+-------+-------+-------+-------++-------
Melee: Constrict         |     6 |    12 |    18 |    24 |     6 ||    66
       Unarmed           |     2 |       |       |       |       ||     2
       Short sword       |    14 |    17 |       |       |       ||    31
       Tentacles         |     1 |     6 |    12 |    33 |     5 ||    57
       Dagger            |       |    42 |    86 |   143 |       ||   271
       Scimitar          |       |       |       |    31 |    30 ||    61
Throw: Dart              |       |       |     4 |       |       ||     4
 Cast: Sting             |    22 |     4 |    20 |       |       ||    46
       Poisonous Vapours |    22 |    72 |    97 |   127 |    17 ||   335
       Olgreb's Toxic Ra |       |       |     9 |    33 |    13 ||    55
       Mephitic Cloud    |       |       |     7 |    45 |    20 ||    72
       Ignite Poison     |       |       |     9 |    68 |    31 ||   108
Invok: Channel Magic     |       |       |       |       |     1 ||     1
Evoke: Wand              |       |       |       |     2 |     1 ||     3
  Use: Scroll            |       |     1 |     6 |     9 |     1 ||    17
       Potion            |       |       |     2 |     1 |     1 ||     4
 Stab: Sleeping          |       |       |     1 |     1 |       ||     2
  Eat: Chunk             |     5 |    14 |    19 |    24 |     5 ||    67
       Ration            |       |       |       |     2 |     1 ||     3
Armor: Skin              |     2 |     3 |     6 |     5 |     3 ||    19
Dodge: Dodged            |    22 |    31 |    95 |   109 |    52 ||   309
Block: Buckler           |       |       |       |    27 |    14 ||    41
       Rpst.: Scimitar   |       |       |       |     4 |    18 ||    22
